 Dungeon Crawl Stone Soup version 0.31.0-11-ge490571c62 (webtiles) character file.

Game seed: 4842011499279181865

235 olmar the Cudgeller (level 5, 0/60 HPs)
             Began as a Demonspawn Gladiator on Feb 6, 2024.
             Slain by a bullfrog (5 damage)
             ... in a sewer.
             The game lasted 00:05:17 (2471 turns).

olmar the Cudgeller (Demonspawn Gladiator)          Turns: 2471, Time: 00:05:17

Health: 0/60       AC: 22    Str: 16    XL:     5   Next: 76%
Magic:  5/5        EV:  2    Int:  8    God:
Gold:   103        SH:  4    Dex: 15    Spells: 4/4 levels left

rFire   . . .        a - +0 flail
rCold   . . .        (no shield)
rNeg    . . .        b - melded +0 leather armour
rPois   +            c - melded +1 helmet
rElec   .            (cloak currently unavailable)
rCorr   .            (gloves currently unavailable)
SInv    .            (boots currently unavailable)
Will    .....        (no amulet)
Stlth   +            (no ring)
HPRegen 0.30/turn    (no ring)
MPRegen 0.09/turn

%: no passive effects
@: tree-form, on berserk cooldown, slowed, invisible, very slow
A: stationary, stasis, torment immunity, boosted hp, repulsion field 1, powered
by death 1, condensation shield, deterioration 1
a: no special abilities


You were in a sewer.
You were a tree.
You visited 1 branch of the dungeon, and saw 3 of its levels.
You also visited: Sewer.

You collected 103 gold pieces.

Inventory:

Hand Weapons
 a - a +0 flail (weapon)
Missiles
 h - a throwing net
Armour
 b - a +0 leather armour (melded)
 c - a +1 helmet (melded)
 n - a +0 scale mail
Wands
 o - a wand of digging (4)
Scrolls
 j - a scroll of enchant armour
 l - 2 scrolls of teleportation {unknown}
Potions
 g - 2 potions of degeneration
 i - 3 potions of mutation
 m - a potion of curing {unknown}
 p - a potion of haste {unknown}
 q - a potion of attraction {unknown}


   Skills:
 + Level 2.9 Fighting
 + Level 4.3 Maces & Flails
 + Level 2.0 Throwing
 + Level 1.6 Armour
 + Level 3.5 Dodging
 + Level 0.3 Stealth
 + Level 0.5 Shields
 - Level 0.2 Evocations


You had 4 spell levels left.
You didn't know any spells.
Your spell library contained the following spells:

 Spells                   Type           Power      Damage    Failure   Level
 Gell's Gravitas          Tloc           0%         N/A       78%         3
 Teleport Other           Tloc           0%         N/A       78%         3
 Dispersal                Tloc           0%         N/A       100%        6


Dungeon Overview and Level Annotations

Branches:
Dungeon (3/15)              Sewer (1/1)

Altars:
Nemelex Xobeh


Innate Abilities, Weirdness & Mutations

You are a tree.
Your roots penetrate the ground, keeping you stationary.
You cannot be teleported.
You are immune to unholy pain and torment.
Your maximum health is greatly increased.
Your equipment is partially melded.
You are surrounded by a mild repulsion field. (EV +2)
You regenerate a little health from kills.
A meltable shield of frost defends you. (SH +4)
Your body sometimes deteriorates upon taking damage.


Message History

You fade into invisibility!
The bullfrog hits you but does no damage.
The frilled lizard misses you. The bullfrog hits you.
* * * LOW HITPOINT WARNING * * *
The bullfrog barely misses you. The frilled lizard barely misses you.
The bullfrog hits you but does no damage.
Unknown command.
The bullfrog hits you.
* * * LOW HITPOINT WARNING * * *
The bullfrog hits you but does no damage.
The frilled lizard closely misses you.
The bullfrog hits you but does no damage.
The bullfrog misses you.
The frilled lizard bites you but does no damage.
The bullfrog hits you but does no damage.
Unknown command.
It was a potion of lignification.
You turn into a tree.
Your +1 helmet melds into your body.
Your +0 leather armour melds into your body.
Your roots penetrate the ground.
The bullfrog hits you but does no damage. x2
The frilled lizard bites you but does no damage.
The bullfrog barely misses you.
The bullfrog hits you but does no damage.
You block the frilled lizard's attack.
The bullfrog releases a deep croak.
The bullfrog hits you but does no damage.
Unknown command.
You closely miss the frilled lizard.
The bullfrog hits you but does no damage.
The bullfrog barely misses you.
The bullfrog hits you but does no damage.
The frilled lizard barely misses you. You block the bullfrog's attack.
The bullfrog hits you but does no damage.
The frilled lizard bites you but does no damage.
Unknown command.
You completely miss the frilled lizard. The bullfrog hits you.
* * * LOW HITPOINT WARNING * * *
The bullfrog hits you.
You die...

#≈~≈†≈~#####
#~~~~~
#≈≈~~≈≈#
#≈≈~~≈
#≈≈~~~≈#
#≈††≈≈
#≈≈~~≈≈#
#~†~≈≈
#≈≈~~≈≈#
#~~~≈≈
#~#~≈≈≈#
#≈~~..
#≈~#≈≈≈#
#≈~..~
#~.≈≈≈≈#
#≈....
#~♣l≈≈≈#
#≈≈≈~~
#~FFJ≈≈#
#≈≈~~≈
#≈#~~≈≈#
#≈≈≈~~
#≈≈~~≈≈#
#≈~~~≈
#≈~≈~≈≈#
#≈~≈≈≈
#~≈≈~≈~#
#~~~≈≈
#≈≈~#≈≈#
#≈~≈≈≈
#.~....#
##.~.~
#......#
#.....


You could see 2 bullfrogs, an endoplasm and a frilled lizard (unable to see
you).

Vanquished Creatures
  Ijyb (D:3)
  Terence (D:2)
  4 river rats (Sewer)
  5 adders
  3 dart slugs
  2 ribbon worms (D:2)
  An orc (D:3)
  6 bats
  6 endoplasms
  7 giant cockroaches
  7 hobgoblins
  2 kobolds (D:1)
  4 quokkas
  19 ball pythons
  6 frilled lizards
  5 goblins (D:1)
  19 rats
98 creatures vanquished.

Notes
Turn   | Place    | Note
-------+----------+-------------------------------------------
     0 | D:1      | olmar the Demonspawn Gladiator began the quest for the Orb.
     0 | D:1      | Reached XP level 1. HP: 16/16 MP: 1/1
   144 | D:1      | Gained mutation: A meltable shield of frost defends you.
                  | (SH +4) [demonic ancestry]
   144 | D:1      | Reached XP level 2. HP: 19/22 MP: 2/2
   147 | D:1      | Reached skill level 3 in Maces & Flails
   659 | D:1      | Gained mutation: You are surrounded by a mild repulsion
                  | field. (EV +2) [demonic ancestry]
   659 | D:1      | Reached XP level 3. HP: 27/27 MP: 3/3
  1094 | D:2      | Noticed Terence
  1110 | D:2      | Killed Terence
  1294 | D:2      | Reached XP level 4. HP: 28/34 MP: 4/4
  1718 | D:3      | Found a faded altar of an unknown god.
  1752 | D:3      | Noticed Ijyb
  1765 | D:3      | Killed Ijyb
  1796 | D:3      | Reached skill level 4 in Maces & Flails
  1799 | D:3      | Found a sparkling altar of Nemelex Xobeh.
  2133 | D:3      | Found a glowing drain.
  2167 | Sewer    | Entered a sewer
  2195 | Sewer    | Reached skill level 1 in Armour
  2195 | Sewer    | Gained mutation: You regenerate a little health from kills.
                  | [demonic ancestry]
  2195 | Sewer    | Reached XP level 5. HP: 39/39 MP: 5/5
  2449 | Sewer    | Gained mutation: Your body sometimes deteriorates upon
                  | taking damage. [potion of mutation]
  2459 | Sewer    | HP: 3/60 [bullfrog (7)]
  2471 | Sewer    | Slain by a bullfrog

Illustrated notes

Levels and vault maps discovered:
D:1:      co_arrival_square_in_a_square_in_a_square, layout_basic
D:2:      layout_loops_ring, basic_altar, uniq_terence
D:3:      layout_basic, mainiacjoe_overflow_brackets, gup_sewer_entry_pipe,
          hellmonk_ecumenical_altar_run_dry, uniq_ijyb
Sewer:    sewer_minmay_w

Skill      XL: |  1  2  3  4 |
---------------+-------------+-----
Maces & Flails | 3 4 |  4.3
Dodging        | 3 |  3.5
Throwing       | 2 |  2.0
Armour         | 1 |  1.6
Fighting       | |  2.9
Stealth        | |  0.3
Shields        | |  0.5
Evocations     | |  0.2

Action                     |  1- 3 |  4- 6 || total
---------------------------+-------+-------++-------
  Melee: Flail             |   112 |   205 ||   317
         Punch             |     2 |     1 ||     3
  Throw: Throwing net      |     1 |     2 ||     3
         Javelin           |       |     1 ||     1
  Evoke: Wand              |       |    18 ||    18
    Use: Scroll            |       |     5 ||     5
         Potion            |       |     4 ||     4
   Stab: Held in net/web   |       |     1 ||     1
         Sleeping          |       |     1 ||     1
 Armour: Leather armour    |    50 |   190 ||   240
         Skin              |       |    11 ||    11
  Dodge: Dodged            |    92 |   279 ||   371
  Block: Other             |    23 |    59 ||    82
